 Dungeon Crawl Stone Soup version 0.25-a0-35-g747a2b3c0c (webtiles) character file.

Game seed: 10683398011403162275, levelgen mode: deterministic

4024 Froggeryz the Basher (level 10, -2/81 HPs)
             Began as a Gnoll Chaos Knight on Oct 19, 2019.
             Was a Plaything of Xom.
             Killed by the air
             ... invoked by Gastronok
              (32 damage)
             ... on level 8 of the Dungeon.
             The game lasted 00:13:02 (5761 turns).

Froggeryz the Basher (Gnoll Chaos Knight)           Turns: 5761, Time: 00:13:03

Health: -2/81      AC: 12    Str: 14    XL:     10   Next: 24%
Magic:  15/17      EV: 15    Int: 16    God:    Xom [*.....]
Gold:   204        SH:  0    Dex: 15    Spells: 19/19 levels left

rFire    + . .     SeeInvis .   F - +2 trident (distort)
rCold    + . .     Gourm    .   (no shield)
rNeg     . . .     Faith    .   b - +2 leather armour
rPois    .         Spirit   .   (helmet restricted)
rElec    +         Reflect  .   k - +0 cloak
rCorr    .         Harm     .   (no gloves)
MR       .....     Clarity  +   s - +2 pair of boots
Stlth    +++.......             (no amulet)
HPRegen  0.23/turn              N - ring of protection from fire
MPRegen  0.15/turn              (no ring)

@: no status effects
A: distributed training, claws 1, fangs 1, horns 1, talons 1, thin metallic
scales 1, clarity, clumsy 1, cold resistance 1, electricity resistance,
MP-powered wands, strong nose
a: Renounce Religion


You were on level 8 of the Dungeon.
You worshipped Xom.
You were a special plaything of Xom.
You were not hungry.

You visited 1 branch of the dungeon, and saw 8 of its levels.

You collected 292 gold pieces.
You spent 88 gold pieces at shops.

Inventory:

Hand Weapons
 a - a +1 mace of chaos
 m - a +0 morningstar
 u - a +1 trident of venom
 v - a +1 flail of protection
 C - a +1 whip of draining
 E - a +1 mace of holy wrath
 F - a +2 trident of distortion (weapon)
 H - a +0 whip of flaming
Missiles
 d - 24 boomerangs
 f - 46 poisoned darts (quivered)
Armour
 b - a +2 leather armour (worn)
 k - a +0 cloak (worn)
 s - a +2 pair of boots (worn)
Jewellery
 o - an uncursed ring of ice
 N - a ring of protection from fire (left claw)
Wands
 t - a wand of clouds (5)
 x - a wand of paralysis (5)
 y - a wand of scattershot (6)
 L - a wand of acid (3)
Scrolls
 e - 3 scrolls of blinking {unknown}
 g - 2 scrolls of immolation {unknown}
 i - 10 scrolls of identify {unknown}
 n - 2 scrolls of remove curse {unknown}
 p - 2 scrolls of fog {unknown}
 q - 7 scrolls of teleportation {unknown}
 r - a scroll of fear {unknown}
 G - a scroll of enchant weapon
 I - a scroll of noise {unknown}
 J - a scroll of random uselessness {unknown}
 M - 2 scrolls of magic mapping {unknown}
Potions
 h - 2 potions of cancellation {unknown}
 j - 2 potions of heal wounds
 l - 2 potions of berserk rage {unknown}
 w - 2 potions of flight {unknown}
 z - 5 potions of curing
 A - a potion of lignification {unknown}
 B - 3 potions of mutation
 D - 2 potions of brilliance {unknown}
Comestibles
 c - 18 rations


   Skills:
 + Level 8.3 Fighting
 + Level 5.0 Short Blades
 + Level 5.0 Long Blades
 + Level 5.0 Axes
 + Level 8.3 Maces & Flails
 + Level 5.0 Polearms
 + Level 5.0 Staves
 + Level 5.0 Slings
 + Level 5.0 Bows
 + Level 5.0 Crossbows
 + Level 5.0 Throwing
 + Level 6.8 Armour
 + Level 5.7 Dodging
 + Level 5.0 Stealth
 + Level 5.0 Shields
 + Level 5.0 Unarmed Combat
 + Level 5.0 Spellcasting
 + Level 4.1 Conjurations
 + Level 4.1 Hexes
 + Level 4.1 Charms
 + Level 4.1 Summonings
 + Level 4.1 Necromancy
 + Level 4.1 Translocations
 + Level 4.1 Transmutations
 + Level 4.1 Fire Magic
 + Level 4.1 Ice Magic
 + Level 4.1 Air Magic
 + Level 4.1 Earth Magic
 + Level 4.1 Poison Magic
 + Level 5.5 Invocations
 + Level 5.0 Evocations


You had 19 spell levels left.
You didn't know any spells.
Your spell library was empty.

Dungeon Overview and Level Annotations

Branches:
Dungeon (8/15)             Temple (0/1) D:7
   Lair: D:8-11

Altars:
Ashenzari
Elyvilon
Fedhas
Makhleb
Nemelex Xobeh
Okawaru
Qazlal
Sif Muna
Trog
Wu Jian
Xom

Shops:
D:4 [   D:5 *

Annotations:
D:7 exclusion: oklob plant
D:8 Gastronok
Abyss:1 Grinder


Innate Abilities, Weirdness & Mutations

Your experience applies equally to all skills.
You have very sharp teeth.
Your uncanny sense of smell can sniff out nearby items.
You have sharp fingernails.
You have a pair of small horns on your head.
You have sharp toenails.
You are partially covered in thin metallic scales. (AC +2)
You possess an exceptional clarity of mind.
You are clumsy. (Dex -2)
Your flesh is cold resistant. (rC+)
You are resistant to electric shocks. (rElec)
You expend magic power (3 MP) to strengthen your wands.


Message History

Throwing (i - inventory. (/) - cycle)
f - 48 poisoned darts (quivered)
Press: ? - help, Shift-Dir - straight line, f/p - Gastronok
Aim: Gastronok, wearing a +0 hat of intelligence (lightly wounded, poisoned, covering ground quickly)
You throw a poisoned dart.
The poisoned dart completely misses Gastronok.
The eye of draining turns its gaze towards you.
Gastronok waves his eye-stalks in wide circles.
The air twists around and strikes you!
Throwing (i - inventory. (/) - cycle)
f - 47 poisoned darts (quivered)
Press: ? - help, Shift-Dir - straight line, f/p - Gastronok
Aim: Gastronok, wearing a +0 hat of intelligence (lightly wounded, poisoned, covering ground quickly)
You throw a poisoned dart. The poisoned dart hits Gastronok!
Gastronok looks as sick as possible!
Gastronok is lightly wounded.
The eye of draining gazes at you.
You feel your power leaking away.
Gastronok waves his eye-stalks in wide circles.
The air twists around and strikes you!!
You die...
Xom chuckles heartily!

..............#
...............#
....>...........
................
.^............(.
............(...
........§l.w....
.......°)?......
#.....?@.§......
..!.............
...............#
............#..#
............# .#
......#.....# #
.G...........
..............


You could see Gastronok, an eye of draining and an iguana.

Vanquished Creatures
  Pikel (D:6)
  Sigmund (D:2)
  4 hogs (D:7)
  A human (D:7)
  Eustachio (D:6)
  Edmund (D:4)
  An orc warrior (D:7)
  2 slaves (D:6)
  2 phantoms
  2 ogres
  3 centaurs
  Blork the orc (D:6)
  A gnoll sergeant (D:4)
  3 bullfrogs
  A howler monkey (D:4)
  A crimson imp (D:6)
  4 hounds
  2 jellies (D:6)
  8 orc priests
  A gnoll shaman (D:5)
  A bullfrog skeleton (D:7)
  7 orc wizards
  A centaur skeleton (D:6)
  A worker ant (D:5)
  2 iguanas
  A killer bee zombie (D:6)
  A hound skeleton (D:4)
  2 worker ant zombies
  8 adders
  8 gnolls
  A shadow imp (D:5)
  2 oozes
  2 worms
  3 dart slugs
  3 leopard geckos
  29 orcs
  2 ball pythons
  9 bats
  3 giant cockroaches
  11 goblins
  8 hobgoblins
  11 jackals
  7 kobolds
  4 quokkas
  5 frilled lizards
  A leopard gecko skeleton (D:4)
  2 quokka skeletons
  4 rats
180 creatures vanquished.

Vanquished Creatures (others)
  2 slaves (D:6)
  An ogre (D:5)
  A bullfrog (D:8)
  A hound skeleton (D:6)
  An ooze (D:6)
  2 orcs (D:5)
  17 toadstools (D:7)
25 creatures vanquished.

Grand Total: 205 creatures vanquished

Notes
Turn   | Place    | Note
-------+----------+-------------------------------------------
     0 | D:1      | Froggeryz the Gnoll Chaos Knight began the quest for the
                  | Orb.
     0 | D:1      | Reached XP level 1. HP: 23/23 MP: 1/1
    80 | D:1      | Reached XP level 2. HP: 22/29 MP: 2/2
   139 | D:1      | XOM: divination: magic mapping
   163 | D:1      | XOM: divination: detect creatures
   294 | D:1      | XOM: divination: detect items
   391 | D:1      | Reached XP level 3. HP: 30/35 MP: 3/3
   414 | D:1      | XOM: noise
   555 | D:1      | XOM: silly message
   631 | D:2      | XOM: enchant monster (bad)
   641 | D:2      | Found a bloodstained altar of Trog.
   686 | D:2      | Reached skill level 1 in Invocations
   807 | D:2      | Reached skill level 1 in Short Blades
   807 | D:2      | Reached skill level 1 in Long Blades
   807 | D:2      | Reached skill level 1 in Axes
   807 | D:2      | Reached skill level 1 in Polearms
   807 | D:2      | Reached skill level 1 in Staves
   807 | D:2      | Reached skill level 1 in Slings
   807 | D:2      | Reached skill level 1 in Bows
   807 | D:2      | Reached skill level 1 in Crossbows
   807 | D:2      | Reached skill level 1 in Throwing
   807 | D:2      | Reached skill level 1 in Stealth
   807 | D:2      | Reached skill level 1 in Shields
   807 | D:2      | Reached skill level 1 in Unarmed Combat
   807 | D:2      | Reached skill level 1 in Spellcasting
   807 | D:2      | Reached skill level 1 in Evocations
   857 | D:2      | Reached XP level 4. HP: 35/41 MP: 5/5
  1134 | D:2      | Noticed Sigmund
  1136 | D:2      | XOM: cleaving
  1142 | D:2      | Gained mutation: Your flesh is cold resistant. (rC+)
                  | [potion of mutation]
  1142 | D:2      | Gained mutation: You expend magic power (3 MP) to
                  | strengthen your wands. [potion of mutation]
  1146 | D:2      | Killed Sigmund
  1146 | D:2      | Reached skill level 1 in Conjurations
  1146 | D:2      | Reached skill level 1 in Hexes
  1146 | D:2      | Reached skill level 1 in Charms
  1146 | D:2      | Reached skill level 1 in Summonings
  1146 | D:2      | Reached skill level 1 in Necromancy
  1146 | D:2      | Reached skill level 1 in Translocations
  1146 | D:2      | Reached skill level 1 in Transmutations
  1146 | D:2      | Reached skill level 1 in Fire Magic
  1146 | D:2      | Reached skill level 1 in Ice Magic
  1146 | D:2      | Reached skill level 1 in Air Magic
  1146 | D:2      | Reached skill level 1 in Earth Magic
  1146 | D:2      | Reached skill level 1 in Poison Magic
  1146 | D:2      | Reached XP level 5. HP: 33/47 MP: 5/7
  1146 | D:2      | Reached XP level 6. HP: 38/53 MP: 5/8
  1231 | D:2      | Found a shimmering altar of Xom.
  1323 | D:2      | XOM: cloud trail
  1600 | D:3      | Found an ornate altar of the Wu Jian Council.
  1864 | D:3      | XOM: confuse monster(s)
  1870 | D:3      | Reached skill level 5 in Armour
  1873 | D:3      | XOM: give mutations
  1873 | D:3      | Gained mutation: You are resistant to electric shocks.
                  | (rElec) [Xom's grace]
  1873 | D:3      | Gained mutation: You have sharp toenails. [Xom's grace]
  1873 | D:3      | Gained mutation: You have sharp fingernails. [Xom's grace]
  2091 | D:3      | XOM: give mutations
  2091 | D:3      | Gained mutation: You have a pair of small horns on your
                  | head. [Xom's mischief]
  2091 | D:3      | Gained mutation: You are clumsy. (Dex -2) [Xom's mischief]
  2272 | D:3      | XOM: give mutations
  2272 | D:3      | Gained mutation: You are partially covered in thin metallic
                  | scales. (AC +2) [Xom's grace]
  2272 | D:3      | Gained mutation: You possess an exceptional clarity of
                  | mind. [Xom's grace]
  2353 | D:4      | Found Reku's Antique Armour Boutique.
  2444 | D:4      | XOM: potion effect (might)
  2450 | D:4      | Reached XP level 7. HP: 48/59 MP: 10/10
  2457 | D:4      | Noticed Edmund
  2466 | D:4      | Killed Edmund
  2558 | D:4      | XOM: summons 3 hostile demons
  2618 | D:4      | XOM: god gift: wand of clouds (5)
  3016 | D:5      | Entered Level 5 of the Dungeon
  3038 | D:5      | Found a burning altar of Makhleb.
  3059 | D:5      | Reached XP level 8. HP: 67/67 MP: 12/12
  3108 | D:5      | XOM: potion effect (brilliance)
  3250 | D:5      | Found Buzicogu's General Store.
  3486 | D:5      | XOM: god gift: 12 bolts
  3492 | D:5      | Bought a potion of mutation for 88 gold pieces
  3822 | D:5      | XOM: destruction
  3996 | D:6      | Found a white marble altar of Elyvilon.
  4019 | D:6      | XOM: scenery: create altars
  4080 | D:6      | XOM: 4-stop teleportation journey
  4155 | D:6      | Noticed Pikel
  4157 | D:6      | Reached XP level 9. HP: 72/72 MP: 14/14
  4164 | D:6      | XOM: fog
  4173 | D:6      | XOM: cast spell 'Ring of Flames'
  4368 | D:6      | Killed Pikel
  4609 | D:6      | Noticed Grinder
  4610 | D:6      | Noticed Eustachio
  4616 | D:6      | XOM: cast spell 'Alistair's Intoxication'
  4618 | D:6      | XOM: divination: detect items
  4623 | D:6      | Banished Grinder
  4623 | D:6      | Reached skill level 5 in Dodging
  4625 | D:6      | XOM: blink monster(s)
  4629 | D:6      | Killed Eustachio
  4648 | D:6      | Noticed Blork the orc
  4661 | D:6      | Killed Blork the orc
  4753 | D:7      | Found a staircase to the Ecumenical Temple.
  4777 | D:7      | XOM: 2-stop teleportation journey
  4809 | D:7      | Reached skill level 5 in Invocations
  4893 | D:7      | Found a shimmering blue altar of Sif Muna.
  4894 | D:7      | Found a stormy altar of Qazlal.
  4895 | D:7      | Found an iron altar of Okawaru.
  4895 | D:7      | Found a shattered altar of Ashenzari.
  5075 | D:7      | Found a sparkling altar of Nemelex Xobeh.
  5100 | D:7      | XOM: swap monsters
  5104 | D:7      | Reached XP level 10. HP: 54/80 MP: 15/17
  5461 | D:7      | XOM: swap monsters
  5465 | D:7      | XOM: summons 1 hostile demon
  5537 | D:7      | Found a blossoming altar of Fedhas.
  5563 | D:7      | Noticed an oklob plant
  5747 | D:8      | Noticed Gastronok
  5751 | D:8      | Reached skill level 5 in Short Blades
  5751 | D:8      | Reached skill level 5 in Long Blades
  5751 | D:8      | Reached skill level 5 in Axes
  5751 | D:8      | Reached skill level 5 in Polearms
  5751 | D:8      | Reached skill level 5 in Staves
  5751 | D:8      | Reached skill level 5 in Slings
  5751 | D:8      | Reached skill level 5 in Bows
  5751 | D:8      | Reached skill level 5 in Crossbows
  5751 | D:8      | Reached skill level 5 in Throwing
  5751 | D:8      | Reached skill level 5 in Stealth
  5751 | D:8      | Reached skill level 5 in Shields
  5751 | D:8      | Reached skill level 5 in Unarmed Combat
  5751 | D:8      | Reached skill level 5 in Spellcasting
  5751 | D:8      | Reached skill level 5 in Evocations
  5751 | D:8      | XOM: smoke on damage
  5761 | D:8      | Killed from afar by Gastronok

Levels and vault maps discovered:
D:1:      eino_arrival_cavern_c, layout_basic
D:2:      layout_loops_corners, marbit_many_paths, bloody_trog, uniq_sigmund
D:3:      layout_loops_ring, nicolae_overflow_crystal_walls
D:4:      layout_rooms, first_ration, serial_shops, shop_fountains, uniq_edmund
D:5:      layout_rooms, overflow_temple_1_default, serial_shops, shop,
          grunt_ministairs_2
D:6:      layout_gridville, elyvilon_altar_4, kennysheep_generic_room_15,
          uniq_blork_the_orc, uniq_grinder, uniq_eustachio, uniq_pikel
D:7:      layout_cave_pools, nemelex_xobeh_ov_fountains_minmay,
          chequers_temple_overflow_statue_of_worship, tgw_fedhas,
          minmay_temple_entry_glassed_door, grunt_livestock,
          minmay_misc_feat_alley
D:8:      layout_rooms, kennysheep_mini, serial_shops, shop, uniq_gastronok

Skill      XL: |  1  2  3  4  5  6  7  8  9 10 |
---------------+-------------------------------+-----
Invocations    | 1 2 3 4 5 |  5.5
Short Blades   | 1 2 3 4 5 |  5.0
Long Blades    | 1 2 3 4 5 |  5.0
Axes           | 1 2 3 4 5 |  5.0
Polearms       | 1 2 3 4 5 |  5.0
Staves         | 1 2 3 4 5 |  5.0
Slings         | 1 2 3 4 5 |  5.0
Bows           | 1 2 3 4 5 |  5.0
Crossbows      | 1 2 3 4 5 |  5.0
Throwing       | 1 2 3 4 5 |  5.0
Stealth        | 1 2 3 4 5 |  5.0
Shields        | 1 2 3 4 5 |  5.0
Unarmed Combat | 1 2 3 4 5 |  5.0
Spellcasting   | 1 2 3 4 5 |  5.0
Evocations     | 1 2 3 4 5 |  5.0
Dodging        | 3 4 5 |  5.7
Conjurations   | 1 2 3 4 |  4.1
Hexes          | 1 2 3 4 |  4.1
Charms         | 1 2 3 4 |  4.1
Summonings     | 1 2 3 4 |  4.1
Necromancy     | 1 2 3 4 |  4.1
Translocations | 1 2 3 4 |  4.1
Transmutations | 1 2 3 4 |  4.1
Fire Magic     | 1 2 3 4 |  4.1
Ice Magic      | 1 2 3 4 |  4.1
Air Magic      | 1 2 3 4 |  4.1
Earth Magic    | 1 2 3 4 |  4.1
Poison Magic   | 1 2 3 4 |  4.1
Armour         | 5 6 |  6.8
Fighting       | 7 8 |  8.3
Maces & Flails | 7 8 |  8.3

Action                   |  1- 3 |  4- 6 |  7- 9 | 10-12 || total
-------------------------+-------+-------+-------+-------++-------
Melee: Mace              |    98 |    83 |       |       ||   181
       Bite              |     7 |     7 |    29 |     3 ||    46
       Morningstar       |       |    26 |   119 |       ||   145
       Kick              |       |     3 |       |       ||     3
       Headbutt          |       |     2 |    55 |     4 ||    61
       Trident           |       |       |   191 |    47 ||   238
       Flail             |       |       |     7 |       ||     7
       Punch             |       |       |     3 |       ||     3
Throw: Dart              |       |       |     3 |     6 ||     9
  Use: Scroll            |     1 |       |       |       ||     1
       Potion            |       |     1 |       |     1 ||     2
 Stab: Sleeping          |     1 |     3 |    10 |     1 ||    15
       Distracted        |       |       |     2 |       ||     2
  Eat: Chunk             |       |     3 |    11 |     2 ||    16
Armor: Leather armour    |    33 |    33 |   140 |    14 ||   220
Dodge: Dodged            |    49 |    81 |   284 |    31 ||   445

Table legend:
 A = Non-vault XP
 B = Vault XP
 C = Vault XP percentage of total XP
 D = Non-vault monster count
 E = Vault monster count
 F = Vault count percentage of total count
                 A         B        C        D         E       F
            +---------+---------+-------+---------+---------+-------
      Total |    3175 |    2574 |  44.8 |     167 |      15 |   8.2
            +---------+---------+-------+---------+---------+-------
        D:1 |      42 |       0 |   0.0 |      22 |       0 |   0.0
        D:2 |      79 |     224 |  73.9 |      26 |       2 |   7.1
        D:3 |     155 |       0 |   0.0 |      23 |       0 |   0.0
        D:4 |     480 |     153 |  24.2 |      24 |       1 |   4.0
        D:5 |     671 |      37 |   5.2 |      23 |       1 |   4.2
        D:6 |     763 |    1164 |  60.4 |      20 |       6 |  23.1
        D:7 |     786 |     996 |  55.9 |      26 |       5 |  16.1
        D:8 |     199 |       0 |   0.0 |       3 |       0 |   0.0
            +---------+---------+-------+---------+---------+-------
